 Dungeon Sprint DCSS version 0.22.1-1-ga44c0e56f4 (webtiles) character file.

2359 MuseOD the Spear-Bearer (level 9, -9/82 HPs)
             Began as a Merfolk Berserker on Oct 7, 2018.
             Was an Elder of Trog.
             Mangled by a polar bear (22 damage)
             ... in the Dungeon (Sprint II: "The Violet Keep of Menkaure").
             The game lasted 00:03:56 (1276 turns).

MuseOD the Spear-Bearer (Merfolk Berserker)         Turns: 1276, Time: 00:03:57

Health: -9/82      AC:  2    Str: 20    XL:     9   Next: 44%
Magic:  9/9        EV: 21    Int:  6    God:    Trog [****..]
Gold:   365        SH:  0    Dex: 14    Spells: 8/8 levels left

rFire    . . .     SeeInvis .   a - +0 spear
rCold    . . .     Gourm    .   (no shield)
rNeg     . . .     Faith    .   b - +0 animal skin
rPois    .         Spirit   .   (no helmet)
rElec    .         Reflect  .   (no cloak)
rCorr    .         Harm     .   (no gloves)
MR       .....     NoTele   +   (no boots)
Stlth    +.........             (no amulet)
HPRegen  0.23/turn              (no ring)
MPRegen  0.11/turn              (no ring)

@: berserk cooldown, slowed, very slow
A: change form in water, swift swim, stealthy swim, blurry vision 1
a: Berserk, Trog's Hand, Brothers in Arms, Renounce Religion


You were in the Dungeon.
You worshipped Trog.
Trog was greatly pleased with you.
You were hungry.

You visited 1 branch You collected 495 gold pieces.
You spent 130 gold pieces at shops.

Inventory:

Hand Weapons
 a - a +0 spear (weapon)
Armour
 b - a +0 animal skin (worn)
Scrolls
 i - a scroll of blinking
Potions
 d - a potion of curing
 f - a potion of haste
 g - 2 potions of magic
 h - a potion of berserk rage
Comestibles
 c - 2 rations


   Skills:
 + Level 11.9 Fighting
 + Level 14.9 Polearms
 + Level 8.3 Armour
 + Level 13.5 Dodging


You had 8 spell levels left.
You didn't know any spells.
Your spell library was empty.

Dungeon Overview and Level Annotations

Branches:
Dungeon (1/1)

Altars:
Cheibriados
Dithmenos
Elyvilon
Fedhas
Hepliaklqana
Kikubaaqudgha
Makhleb
Qazlal
Ru
Sif Muna
Trog
Wu Jian
Xom
Beogh
Jiyva
Lugonu

Shops:
D =:[%}![!=%!?(?:=

Annotations:
D exclusion: oklob plant


Innate Abilities, Weirdness & Mutations

You revert to your normal form in water.
You are very nimble and swift while swimming.
You are very stealthy in the water. (Stealth+)
Scrolls take you a little longer to read.


Message History

* * * LOW HITPOINT WARNING * * *
The polar bear barely misses you. The polar bear misses you. x2
The polar bear claws you.
* * * LOW HITPOINT WARNING * * *
The polar bear misses you. The polar bear completely misses you.
The polar bear closely misses you.
Really walk into a travel-excluded area? [Y]es or [N]o only, please.
Really walk into a travel-excluded area?
Okay, then.
Really walk into a travel-excluded area?
You swap places.
The polar bear bites your ogre!!
The polar bear claws your ogre. x2; Your ogre barely misses the polar bear.
The polar bear bites your ogre! The polar bear claws your ogre.
The polar bear barely misses your ogre.
Your ogre barely misses the polar bear.
The polar bear bites your ogre!
Your ogre dies!
Your ogre's corpse disappears in a puff of smoke!
The polar bear bites you!!
You die...

..÷...# #'##..# #.
...##.#### +.###
.#..#....# ...# ##
†#.####..## #..# $# #'##
.##..# +..# .#
#.##.w.#..# #..# )# .<.+#
+..####..##†#
#.##$w.#....###.@h##▓▓▓
#'## .##......≈≈≈≈≈≈≈≈≈≈≈
.).####≈≈.§...≈#+########
.#..#≈§§≈§≈§..§#.._.....#
. .##≈§§≈§§≈≈§≈#._._....#
#+##≈≈≈§≈§≈≈≈≈≈#_._._...#
≈≈≈≈≈≈≈≈≈§§§§§≈#._._._..#
+#+++#≈≈§≈§§≈§≈#_._._._.#
;;;≈≈##≈§≈###≈§#._._._


You could see a polar bear (berserk).

Vanquished Creatures
  A merfolk siren (D)
  A yaktaur (D)
  2 polar bears (D)
  A hornet (D)
  4 neqoxecs (D)
  Menkaure (D)
  A vampire mosquito (D)
  4 necrophages (D)
  2 crocodiles (D)
  An electric eel (D)
18 creatures vanquished.

Notes
Turn   | Place    | Note
-------+----------+-------------------------------------------
     0 | D        | MuseOD the Merfolk Berserker began the quest for the Orb.
     0 | D        | Reached XP level 1. HP: 18/18 MP: 1/1
     1 | D        | Noticed a tyrant leech
     1 | D        | Noticed a tyrant leech
     5 | D        | Noticed a neqoxec
     5 | D        | Noticed a neqoxec
     5 | D        | Noticed a neqoxec
     5 | D        | Noticed a neqoxec
     6 | D        | Gained mutation: Scrolls take you a little longer to read.
                  | [a neqoxec]
     9 | D        | Noticed a quasit
     9 | D        | Noticed a crimson imp
    13 | D        | Noticed a quasit
    14 | D        | Killed a neqoxec
    14 | D        | Reached skill level 8 in Polearms
    14 | D        | Reached XP level 2. HP: 9/28 MP: 2/2
    14 | D        | Reached XP level 3. HP: 11/34 MP: 3/3
    14 | D        | Reached XP level 4. HP: 12/40 MP: 4/4
    14 | D        | Reached XP level 5. HP: 14/46 MP: 5/5
    21 | D        | Killed a neqoxec
    21 | D        | Reached ** piety under Trog
    21 | D        | Reached skill level 9 in Polearms
    21 | D        | Reached XP level 6. HP: 18/55 MP: 6/6
    23 | D        | Killed a neqoxec
    23 | D        | Reached skill level 10 in Polearms
    23 | D        | Reached skill level 5 in Armour
    29 | D        | Killed a neqoxec
    29 | D        | Reached skill level 11 in Polearms
    29 | D        | Reached skill level 10 in Dodging
    29 | D        | Reached XP level 7. HP: 22/63 MP: 7/7
   317 | D        | Noticed a merfolk siren
   329 | D        | Killed a merfolk siren
   329 | D        | Reached *** piety under Trog
   329 | D        | Reached skill level 12 in Polearms
   391 | D        | Reached skill level 10 in Fighting
   391 | D        | Reached XP level 8. HP: 72/72 MP: 8/8
   398 | D        | Reached skill level 13 in Polearms
   405 | D        | Reached **** piety under Trog
   547 | D        | Noticed Menkaure
   548 | D        | Found Carghuc's Book Shoppe.
   548 | D        | Found Riesh's Jewellery Emporium.
   549 | D        | Found Setim's Magic Scroll Emporium.
   549 | D        | Found Jyeqog's Antique Weapon Shoppe.
   549 | D        | Found Qikuetz's Magic Scroll Emporium.
   550 | D        | Found Ibauhof's Jewellery Emporium.
   550 | D        | Found Eckoher's Distillery.
   550 | D        | Found Techere's Food Shoppe.
   550 | D        | Found Pedenuss's Distillery.
   551 | D        | Found Doelel's Gadget Shoppe.
   551 | D        | Found Egesaloxt's Distillery.
   551 | D        | Found Kiotarphy's Antique Armour Emporium.
   563 | D        | Killed Menkaure
   564 | D        | Found Hiwup's Food Shoppe.
   564 | D        | Found Zofanwoc's Antique Armour Emporium.
   564 | D        | Noticed an oklob plant
   565 | D        | Found Jeruruf's Jewellery Shoppe.
   565 | D        | Found Curubow's Book Shoppe.
   565 | D        | Noticed a hippogriff
   567 | D        | Noticed a hippogriff
   567 | D        | Noticed a hippogriff
   570 | D        | Noticed a wyvern
   570 | D        | Noticed a wyvern
   571 | D        | Bought a ration for 65 gold pieces
   571 | D        | Bought a ration for 65 gold pieces
   664 | D        | Reached ***** piety under Trog
   957 | D        | Found a stormy altar of Qazlal.
   957 | D        | Found an ornate altar of the Wu Jian Council.
   958 | D        | Found a hazy altar of Hepliaklqana.
   958 | D        | Found a sacrificial altar of Ru.
   959 | D        | Found a viscous altar of Jiyva.
   959 | D        | Found a deep blue altar of Sif Muna.
   959 | D        | Found a roughly hewn altar of Beogh.
   960 | D        | Found a snail-covered altar of Cheibriados.
   960 | D        | Found an ancient bone altar of Kikubaaqudgha.
   960 | D        | Found a shimmering altar of Xom.
   960 | D        | Found a bloodstained altar of Trog.
   961 | D        | Found a shadowy altar of Dithmenos.
   961 | D        | Found a corrupted altar of Lugonu.
   962 | D        | Found a white marble altar of Elyvilon.
   962 | D        | Found a burning altar of Makhleb.
  1026 | D        | Found a blossoming altar of Fedhas.
  1218 | D        | Noticed a yaktaur
  1218 | D        | Noticed a hornet
  1218 | D        | Noticed a polar bear
  1218 | D        | Noticed a polar bear
  1219 | D        | Noticed a polar bear
  1225 | D        | Killed a polar bear
  1225 | D        | Reached skill level 14 in Polearms
  1225 | D        | Reached XP level 9. HP: 80/80 MP: 9/9
  1232 | D        | Killed a hornet
  1232 | D        | Received a gift from Trog
  1251 | D        | Killed a yaktaur
  1255 | D        | Killed a polar bear
  1276 | D        | Mangled by a polar bear

Skill      XL: |  1  2  3  4  5  6  7  8  9 |
---------------+----------------------------+-----
Fighting       | 6 7 8 10 11 | 11.9
Polearms       | 8 9 11 12 14 | 14.9
Armour         | 3 4 5 6 7 8 |  8.3
Dodging        | 6 8 10 11 12 13 | 13.5

Action                   |  1- 3 |  4- 6 |  7- 9 || total
-------------------------+-------+-------+-------++-------
Melee: Spear             |     8 |    15 |   158 ||   181
       Tailslap          |       |       |    13 ||    13
Invok: Berserk           |     1 |       |     4 ||     5
       Brothers in Arms  |       |       |     1 ||     1
  Use: Potion            |       |       |     1 ||     1
  Eat: Chunk             |       |       |     2 ||     2
       Ration            |       |       |     1 ||     1
Armor: Animal skin       |       |       |     3 ||     3
Dodge: Dodged            |       |     3 |    95 ||    98
